 Dungeon Crawl Stone Soup version 0.30-a0-696-g2367cd04db (webtiles) character file.

Game seed: 10238608636344569394

170 bmack86 the Covered (level 5, -1/47 HPs)
             Began as a Minotaur Fighter on Jan 20, 2023.
             Slain by a gnoll
             ... wielding a +0 halberd of protection
             ... led by a gnoll bouda
              (2 damage)
             ... on level 4 of the Dungeon.
             The game lasted 00:04:33 (2372 turns).

bmack86 the Covered (Minotaur Fighter)              Turns: 2372, Time: 00:04:34

Health: -1/47      AC:  9    Str: 22    XL:     5   Next: 25%
Magic:  4/4        EV:  7    Int:  5    God:
Gold:   130        SH:  5    Dex: 10    Spells: 4/4 levels left

rFire   . . .      SeeInvis .    a - +0 war axe
rCold   . . .      Faith    .    c - +1 buckler
rNeg    . . .      Spirit   .    q - +0 chain mail
rPois   .          Reflect  .    (helmet restricted)
rElec   .          Harm     .    (no cloak)
rCorr   .          Rampage  .    (no gloves)
Will    +....                    (no boots) Stlth
                                 (no amulet)
HPRegen 0.27/turn                g - ring of flight
MPRegen 0.09/turn                m - ring of willpower

@: weakened, flying
A: horns 2, retaliatory headbutt
a: no special abilities


You were on level 4 of the Dungeon.
You visited 1 branch of the dungeon, and saw 4 of its levels.

You collected 130 gold pieces.

Inventory:

Hand Weapons
 a - a +0 war axe (weapon)
Missiles
 s - 4 boomerangs (quivered)
Armour
 b - a +0 scale mail
 c - a +1 buckler (worn)
 q - a +0 chain mail (worn)
Jewellery
 g - a ring of flight (left hand)
 m - a ring of willpower (right hand)
Scrolls
 e - a scroll of enchant armour
 f - 2 scrolls of teleportation
 j - a scroll of vulnerability {unknown}
 k - a scroll of amnesia
Potions
 d - a potion of might
 h - 2 potions of curing
 i - 2 potions of mutation
 l - 3 potions of heal wounds
 n - a potion of flight
 o - a potion of degeneration {unknown}
 p - a potion of berserk rage {unknown}
 r - a potion of brilliance {unknown}


   Skills:
 + Level 4.5 Fighting
 * Level 4.4 Axes
 + Level 0.9 Throwing
 + Level 4.5 Armour
 + Level 4.5 Shields


You had 4 spell levels left.
You didn't know any spells.
Your spell library contained the following spells:

 Spells                   Type           Power      Damage    Failure   Level
 Stone Arrow              Conj/Erth      0%         3d7       100%        3
 Animate Armour           Summ/Erth      0%         N/A       100%        4
 Lehudib's Crystal Spear  Conj/Erth      0%         10d2      100%        8


Dungeon Overview and Level Annotations

Branches:
Dungeon (4/15)
 Temple: D:4-7

Altars:
Ashenzari


Innate Abilities, Weirdness & Mutations

You have a pair of horns on your head.
You reflexively headbutt those who attack you in melee.


Message History

The adder barely misses you. You furiously retaliate!
You headbutt the adder. You block the gnoll's attack.
The gnoll hits you with a +0 whip. The adder bites you but does no damage.
You hit the adder.
The adder is lightly wounded.
You hit the gnoll.
You hit the gnoll bouda but do no damage.
You slash the gnoll! The gnoll barely misses you.
The gnoll hits you with a +0 whip. The adder bites you but does no damage.
You block the gnoll bouda's attack.
The gnoll hits you with a +0 halberd of protection!
The gnoll hits you with a +0 whip.
You closely miss the adder.
The adder is lightly wounded.
You hit the gnoll. You hit the gnoll but do no damage.
You hit the gnoll bouda but do no damage.
You barely miss the gnoll. The adder barely misses you.
You furiously retaliate!
You headbutt the adder. You block the gnoll's attack.
The gnoll bouda gazes fiercely through you!
You feel as though you will be weak longer.
The gnoll bouda hits you with a +0 club.
The adder bites you but does no damage. The gnoll hits you but does no damage.
The gnoll hits you with a +0 whip. The gnoll hits you but does no damage.
You hit the adder.
The adder is severely wounded.
You slash the gnoll! You closely miss the gnoll.
You hit the gnoll bouda but do no damage.
You barely miss the gnoll. The adder bites you but does no damage.
The gnoll bouda hits you with a +0 club.
The gnoll hits you with a +0 halberd of protection!
* * * LOW HITPOINT WARNING * * *
The gnoll barely misses you. The gnoll hits you with a +0 whip.
* * * LOW HITPOINT WARNING * * *
The adder completely misses you. You furiously retaliate!
You headbutt the adder!
You kill the adder!
The gnoll bouda hits you with a +0 club.
* * * LOW HITPOINT WARNING * * *
The gnoll hits you with a +0 halberd of protection.
You die...

...# .## $..
... .## ..#
..### ....
..##....#
##$.###......
#..........
.........##
#.<..##
##@g..#
#.g..#
#gg......
...##...#
..... #..#
....#.. ..#
.....#... .#
#......#.#.
....... .###


You could see a gnoll bouda and 3 gnolls.

Vanquished Creatures
  Natasha (thrice) (D:3)
  4 adders
  A gnoll (D:4)
  2 worms (D:3)
  A dart slug (D:1)
  An endoplasm (D:1)
  3 giant cockroaches
  6 goblins
  4 hobgoblins
  A kobold (D:1)
  3 quokkas
  7 ball pythons
  4 bats
  3 frilled lizards
  4 rats
47 creatures vanquished.

Notes
Turn   | Place    | Note
-------+----------+-------------------------------------------
     0 | D:1      | bmack86 the Minotaur Fighter began the quest for the Orb.
     0 | D:1      | Reached XP level 1. HP: 19/19 MP: 0/0
   124 | D:1      | Reached XP level 2. HP: 19/27 MP: 1/1
   912 | D:2      | Reached XP level 3. HP: 14/33 MP: 2/2
  1005 | D:2      | Found a faded altar of an unknown god.
  1636 | D:3      | Found a broken altar of Ashenzari.
  1651 | D:3      | Noticed Natasha
  1657 | D:3      | Killed Natasha
  1658 | D:3      | Reached XP level 4. HP: 34/40 MP: 3/3
  1909 | D:3      | Noticed Natasha
  1913 | D:3      | Killed Natasha
  1975 | D:3      | Noticed Natasha
  1983 | D:3      | Killed Natasha
  1984 | D:3      | Reached XP level 5. HP: 32/47 MP: 4/4
  2371 | D:4      | HP: 1/47 [gnoll bouda/+0 club (6)]
  2372 | D:4      | Slain by a gnoll

Illustrated notes

Levels and vault maps discovered:
D:1:      roderic_chinese_lattice_arrival, layout_basic, due_unseen_surprise
D:2:      layout_basic, nicolae_ecumenical_snake_handling
D:3:      layout_loops_ring, evilmike_ruin_ashenzari, uniq_natasha
D:4:      layout_cave_pools

Skill      XL: |  1  2  3 |
---------------+----------+-----
Axes           | 3 4 |  4.4
Fighting       | 4 |  4.5
Armour         | 4 |  4.5
Shields        | 4 |  4.5
Throwing       | |  0.9

Action                   |  1- 3 |  4- 6 || total
-------------------------+-------+-------++-------
Melee: War axe           |    75 |    26 ||   101
       Headbutt          |     7 |     4 ||    11
  Use: Scroll            |     5 |     2 ||     7
Armor: Scale mail        |    39 |       ||    39
       Chain mail        |       |    20 ||    20
Dodge: Dodged            |    51 |    17 ||    68
Block: Buckler           |    18 |     8 ||    26

Table legend: (Time is in decaauts)
 A = Elapsed time spent in this place.
 B = Non-inter-level travel time spent in this place.
 C = Inter-level travel time spent in this place.
 D = Time resting spent in this place.
 E = Time spent auto-exploring this place.
 F = Levels seen in this place.
 G = Mean time per level.
                   A        B        C        D        E       F      G
               +--------+--------+--------+--------+--------+-----+--------+
         Total |   2408 |   2366 |     42 |      0 |   1788 |   4 |  602.0 |
       Dungeon |   2408 |   2366 |     42 |      0 |   1788 |   4 |  602.0 |
               +--------+--------+--------+--------+--------+-----+--------+

Top non-repeatable levels by time:
     D:2: 961 daAuts
     D:3: 764 daAuts
     D:1: 667 daAuts
     D:4: 14 daAuts
